 Dungeon Crawl Stone Soup version 0.18.1-50-g88ac8fd (webtiles) character file.

10 krautman the Grave Robber (level 2, 0/19 HPs)
             Began as a Mummy Necromancer on Oct 24, 2016.
             Slain by a hobgoblin
             ... wielding a +0 club
              (5 damage)
             ... on level 1 of the Dungeon.
             The game lasted 00:02:25 (128 turns).

krautman the Grave Robber (Mummy Necromancer)        Turns: 128, Time: 00:02:25

Health: 0/19       AC:  2    Str: 11    XL:     2   Next: 10%
Magic:  0/5        EV: 12    Int: 14    God:
Gold:   16         SH:  0    Dex: 12    Spells: 2 memorised, 3 levels left

rFire  x . .     SeeInvis .     c - +0 dagger
rCold  + . .     Gourm    .     a - +0 robe
rNeg   + + +     Faith    .     (no shield)
rPois  ∞         Spirit   .     (no helmet)
rElec  .         Dismiss  .     (no cloak)
rCorr  .         Reflect  .     (no gloves)
SustAt .         Harm     .     (no boots)
MR     .....                    (no amulet)
Stlth  ++........               (no ring)
                                (no ring)

@: very slightly contaminated, not resistant to hostile enchantments, unstealthy
A: no food or potions, fire vulnerability, cold resistance 1, negative energy
resistance 3, torment resistance, unbreathing
a: no special abilities


You were on level 1 of the Dungeon.
You were not hungry.

You visited 1 branch of the dungeon, and saw 1 of its levels.

You collected 16 gold pieces.

Inventory:

Hand Weapons
 c - a +0 dagger (weapon)
Missiles
 d - 21 stones (quivered)
Armour
 a - a +0 robe (worn)
Scrolls
 e - a scroll of fog {unknown}
Books
 b - a book of Necromancy

   Spells                             Type                      Level
   a - Pain                           Necromancy                   1
   b - Animate Skeleton               Necromancy                   1
   c - Vampiric Draining              Necromancy                   3
   d - Regeneration                   Charms/Necromancy            3
   e - Animate Dead                   Necromancy                   4
   f - Control Undead                 Necromancy                   4


   Skills:
 + Level 0.2 Fighting
 + Level 1.6 Dodging
 + Level 1.6 Stealth
 + Level 2.0 Spellcasting
 + Level 4.4 Necromancy


You had 3 spell levels left.
You knew the following spells:

 Your Spells              Type           Power        Failure   Level  Hunger
a - Pain                  Necr           ##..         4%          1    N/A
b - Animate Skeleton      Necr           N/A          4%          1    N/A

Dungeon Overview and Level Annotations

Branches:
Dungeon (1/15)

Altars:


Innate Abilities, Weirdness & Mutations

You do not eat or drink.
Your flesh is vulnerable to fire.
You are immune to poison.
Your flesh is cold resistant.
You are immune to negative energy.
You are immune to unholy pain and torment.
You can survive without breathing.


Message History

Press: ? - help, Shift-Dir - straight line, f/p - kobold
Aim: a kobold, wielding a dagger (chance to defeat MR: 91%)
The kobold convulses in agony!
The hobgoblin hits you but does no damage.
The kobold hits you but does no damage.
You closely miss the kobold.
The kobold is severely wounded.
The hobgoblin closely misses you. The kobold hits you but does no damage.
Casting: Pain
Confirm with . or Enter, or press ? or * to list all spells.
Aiming: Pain
Press: ? - help, Shift-Dir - straight line, f/p - kobold
Aim: a kobold, wielding a dagger (severely wounded, chance to defeat MR: 91%)
The kobold convulses in agony!
You kill the kobold!
The hobgoblin hits you but does no damage.
You hit the hobgoblin.
The hobgoblin is severely wounded.
The hobgoblin hits you with a club.
You die...

#....g ...### #...#
#....# #...## #....#
#....###....#
##.#........#
#.....†....#
###........#
##)g.†....# #..@......#
#.###.##### #######.#
#.# ........###.#####
#.........###..........
#.........# #..........
##.........#
#..........
...........#
#..........
#..........#
#..........


You could see a hobgoblin.

Vanquished Creatures
  2 dart slugs (D:1)
  A bat (D:1)
  A goblin (D:1)
  A kobold (D:1)
  A rat (D:1)
6 creatures vanquished.

Notes
Turn   | Place    | Note
--------------------------------------------------------------
     0 | D:1      | krautman the Mummy Necromancer began the quest for the Orb.
     0 | D:1      | Reached XP level 1. HP: 13/13 MP: 3/3
     2 | D:1      | Noticed a demigod
     4 | D:1      | Noticed a demonspawn
     4 | D:1      | Noticed a draconian
     6 | D:1      | Noticed a centaur
     6 | D:1      | Noticed a gargoyle
     8 | D:1      | Noticed a tengu
    10 | D:1      | Noticed a dwarf
    12 | D:1      | Noticed a spriggan
    14 | D:1      | Noticed an elf
    14 | D:1      | Noticed a human
    16 | D:1      | Noticed an octopode
    16 | D:1      | Noticed a halfling
    18 | D:1      | Noticed a vampire
    18 | D:1      | Noticed a ghoul
    20 | D:1      | Noticed a naga
    20 | D:1      | Noticed a vine stalker
    22 | D:1      | Noticed a merfolk
    22 | D:1      | Noticed an ogre
    24 | D:1      | Noticed a felid
    24 | D:1      | Noticed a troll
    26 | D:1      | Noticed a formicid
    26 | D:1      | Noticed a minotaur
   103 | D:1      | Reached XP level 2. HP: 8/19 MP: 1/5
   108 | D:1      | Learned a level 1 spell: Animate Skeleton
   128 | D:1      | Slain by a hobgoblin

Action                   || total
-------------------------++-------
Melee: Dagger            ||    12
       Unarmed           ||     7
 Cast: Pain              ||     7
Armor: Robe              ||     5
Dodge: Dodged            ||    12
